 Dungeon Crawl Stone Soup version 0.24.0-13-gcf9b319 (webtiles) character file.

Game seed: 5346928297337312330, levelgen mode: deterministic

67953 Fang the Fighter (level 15, -1/99 HPs)
             Began as a Gargoyle Berserker on Dec 11, 2019.
             Was a High Priest of Trog.
             Slain by a manticore (13 damage)
             ... summoned by Kirke
             ... on level 4 of the Lair of Beasts.
             The game lasted 00:17:21 (11234 turns).

Fang the Fighter (Gargoyle Berserker)              Turns: 11234, Time: 00:17:22

Health: -1/99      AC:  0    Str: 26    XL:     15   Next: 24%
Magic:  15/15      EV: 19    Int:  9    God:    Trog [*****.]
Gold:   861        SH:  4    Dex:  9    Spells: 14/14 levels left

rFire    . . .     SeeInvis .   (weapon currently unavailable)
rCold    . . .     Gourm    .   (shield currently unavailable)
rNeg     + . .     Faith    .   (armour currently unavailable)
rPois    ∞         Spirit   .   (helmet currently unavailable)
rElec    .         Reflect  +   (cloak currently unavailable)
rCorr    .         Harm     .   (gloves currently unavailable)
MR       +....                  (boots currently unavailable)
Stlth    +.........             i - +4 amulet of reflection
HPRegen  0.26/turn              (ring currently unavailable)
MPRegen  0.14/turn              (ring currently unavailable)

@: pig-form, berserk cooldown, flying, slowed
A: small, negative energy resistance 1, petrification resistance, rot immunity,
AC +11
a: Berserk, Trog's Hand, Brothers in Arms, Renounce Religion


You were on level 4 of the Lair of Beasts.
You worshipped Trog.
Trog was extremely pleased with you.
You were very hungry.
You were a filthy swine.
You visited 4 branches of the dungeon, and saw 17 of its levels.

You collected 861 gold pieces.

Inventory:

Hand Weapons
 a - a +0 war axe of draining
 s - a +5 war axe of electrocution (melded)
 u - a cursed +5 war axe of freezing
 x - a +4 antimagic war axe
Armour
 b - a +1 plate armour (melded)
 d - a +2 pair of boots (melded)
 p - a scarf of repulsion (melded)
 B - a +0 shield (melded)
Jewellery
 i - a +4 amulet of reflection (around neck)
 r - a ring of protection from fire (melded)
 t - a +4 ring of strength
 C - a cursed ring of teleportation {unknown}
 G - a ring of protection from cold (melded)
Wands
 j - a wand of iceblast (12)
 n - a wand of flame (11)
 w - a wand of disintegration (8)
 y - a wand of polymorph (14)
 F - a wand of digging (7)
Scrolls
 f - 2 scrolls of fear
 l - 9 scrolls of teleportation
 o - 7 scrolls of magic mapping
 v - a scroll of identify
 E - 3 scrolls of remove curse
Potions
 e - 4 potions of agility
 g - 7 potions of might
 h - 2 potions of resistance
 k - 7 potions of curing
 m - 2 potions of heal wounds
 q - a potion of invisibility
 z - a potion of cancellation
 A - 4 potions of haste
Comestibles
 c - 30 rations
 D - 4 chunks of flesh


   Skills:
 + Level 13.2 Fighting
 + Level 11.3 Axes
 + Level 12.0 Armour
 + Level 9.4 Dodging
 + Level 11.3 Shields


You had 14 spell levels left.
You didn't know any spells.
Your spell library was empty.

Dungeon Overview and Level Annotations

Branches:
Dungeon (11/15)            Temple (1/1) D:6            Lair (4/6) D:11
 Shoals (1/4) Lair:2       Spider (0/4) Lair:4          Orc (0/2) D:11

Altars:
Hepliaklqana
Kikubaaqudgha
Sif Muna
Vehumet

Shops:
D:5 **=?:   D:9 =

Annotations:
Lair:2 exclusion: 2 oklob plants
Lair:4 Kirke


Innate Abilities, Weirdness & Mutations

You are resistant to torment.
((Your stone body is resilient. (AC +11)))
You are immune to poison.
((Your large and strong wings let you fly indefinitely.))
You resist negative energy. (rN+)
((You are resistant to electric shocks. (rElec)))
((You can survive without breathing.))
You are immune to petrification.
You are immune to rotting.


Message History

The manticore closely misses you.
You closely miss something.
You hear some strange, mumbled words.
Something tries to affect you, but you resist.
The manticore bites you. The manticore barely misses you.
The manticore completely misses you.
You bite something! You block something's attack.
The manticore barely misses you. The manticore claws you!
* * * LOW HITPOINT WARNING * * *
The manticore claws you.
* * * LOW HITPOINT WARNING * * *
You closely miss something. Something hits you.
* * * LOW HITPOINT WARNING * * *
The manticore bites you!
* * * LOW HITPOINT WARNING * * *
The manticore closely misses you. The manticore barely misses you.
You closely miss something. Something hits you.
* * * LOW HITPOINT WARNING * * *
The manticore bites you!
You die...

#### ##.#.#### ## ##### ##
#.#.#.#P###.#####.#P###.
.........................
....P.................###
......................#≈≈
......H{...).........#..
.......h†............#.. #PP.
##..##....#...#..#.P..##..
...##.#####...............P+##
#...........†.................
##........................<....
#............................#.
##............................#
#........?.....................
##...÷.......#####.##.#........


You could see a manticore.

Vanquished Creatures
  Snorg (Lair:4)
  A catoblepas (D:10)
  2 hydras
  A two-headed ogre (D:11)
  Urug (Lair:3)
  Nergalle (D:10)
  3 skeletal warriors (D:11)
  An unseen horror (D:11)
  Pikel (D:5)
  A manticore (D:11)
  A cyclops (D:11)
  5 black mambas
  A merfolk siren (Lair:2)
  14 elephants (Lair:3)
  2 gargoyles
  A spiny frog (Lair:4)
  A komodo dragon (Lair:3)
  3 rime drakes
  A polar bear (Lair:3)
  2 trolls (D:11)
  Grinder (D:5)
  4 blink frogs (Lair:1)
  2 dream sheep (D:11)
  4 hippogriffs
  Sigmund (D:6)
  2 redbacks (Lair:4)
  A wyvern (D:9)
  2 basilisks
  3 yaks (D:11)
  2 hungry ghosts
  3 hogs (Lair:4)
  Menkaure (D:4)
  Edmund (D:6)
  5 water moccasins
  3 orc warriors
  12 porcupines
  3 ice beasts (D:11)
  2 black bears
  4 phantoms
  3 ogres
  A necrophage (D:11)
  11 wolves
  8 centaurs
  An eye of draining (D:9)
  9 crocodiles
  3 big kobolds (D:11)
  A gnoll sergeant (D:10)
  8 bullfrogs
  4 scorpions
  26 wights
  2 howler monkeys (D:7)
  2 crimson imps (D:11)
  2 bullfrog zombies
  8 orc priests
  A hound (D:9)
  2 jellies
  2 centaur skeletons
  5 orc wizards
  3 bullfrog skeletons
  Crazy Yiuf (D:3)
  Jessica (D:2)
  6 iguanas
  Ijyb (D:5)
  6 worker ants
  3 worker ant zombies
  7 gnolls
  A howler monkey skeleton (D:11)
  10 adders
  2 shadow imps
  An ooze (D:1)
  An adder skeleton (D:9)
  4 worms
  6 dart slugs
  6 leopard geckos
  19 orcs
  5 bats
  4 giant cockroaches
  7 goblins
  5 hobgoblins
  12 jackals
  6 kobolds
  5 quokkas
  3 ball pythons
  2 frilled lizards (D:2)
  A leopard gecko zombie (D:7)
  A quokka zombie (D:9)
  4 rats
  2 plants
334 creatures vanquished.

Vanquished Creatures (collateral kills)
  A troll (D:9)
1 creature vanquished.

Vanquished Creatures (others)
  An orc (D:11)
  A fungus (Lair:3)
  5 plants
7 creatures vanquished.

Grand Total: 342 creatures vanquished

Notes
Turn   | Place    | Note
-------+----------+-------------------------------------------
     0 | D:1      | Fang the Gargoyle Berserker began the quest for the Orb.
     0 | D:1      | Reached XP level 1. HP: 14/14 MP: 1/1
   147 | D:1      | Reached XP level 2. HP: 19/19 MP: 2/2
   275 | D:1      | Reached XP level 3. HP: 19/23 MP: 3/3
   546 | D:1      | Reached ** piety under Trog
   891 | D:2      | Noticed Jessica
   903 | D:2      | Killed Jessica
   903 | D:2      | Reached XP level 4. HP: 29/29 MP: 4/4
   997 | D:2      | Reached skill level 4 in Fighting
  1222 | D:2      | Reached XP level 5. HP: 30/33 MP: 5/5
  1724 | D:3      | Found a runed translucent door.
  1725 | D:3      | Noticed Crazy Yiuf
  1918 | D:3      | Killed Crazy Yiuf
  2002 | D:4      | Noticed a phantom
  2114 | D:4      | Killed a phantom
  2114 | D:4      | Reached XP level 6. HP: 24/39 MP: 6/6
  2360 | D:4      | HP: 2/58 [ogre/+0 giant club (4)]
  2870 | D:4      | Noticed Menkaure
  2880 | D:4      | Killed Menkaure
  2880 | D:4      | Reached skill level 5 in Fighting
  2880 | D:4      | Reached XP level 7. HP: 44/44 MP: 7/7
  3098 | D:5      | Entered Level 5 of the Dungeon
  3099 | D:5      | Noticed Grinder
  3115 | D:5      | Killed Grinder
  3178 | D:5      | Reached skill level 5 in Armour
  3337 | D:5      | Found a shimmering blue altar of Sif Muna.
  3396 | D:5      | Found Ocsitz's Jewellery Emporium.
  3654 | D:5      | Found Gameky's General Store.
  3654 | D:5      | Noticed Ijyb
  3662 | D:5      | Reached *** piety under Trog
  3681 | D:5      | Killed Ijyb
  3858 | D:5      | Found Veum's General Store.
  3908 | D:5      | Reached XP level 8. HP: 51/51 MP: 8/8
  3948 | D:5      | Noticed Pikel
  3968 | D:5      | Killed Pikel
  3968 | D:5      | Reached skill level 6 in Fighting
  3968 | D:5      | Reached skill level 5 in Axes
  4022 | D:5      | Found Xamass's Magic Scroll Shop.
  4033 | D:5      | Found Wibbamak's Book Emporium.
  4401 | D:6      | Noticed Sigmund
  4404 | D:6      | Noticed Edmund
  4435 | D:6      | Killed Edmund
  4435 | D:6      | Reached XP level 9. HP: 49/56 MP: 9/9
  4446 | D:6      | Killed Sigmund
  4446 | D:6      | Reached skill level 7 in Fighting
  4446 | D:6      | Reached skill level 5 in Dodging
  4556 | D:6      | Found a staircase to the Ecumenical Temple.
  4571 | Temple   | Entered the Ecumenical Temple
  5116 | D:7      | Found a radiant altar of Vehumet.
  5575 | D:8      | Reached skill level 1 in Shields
  5606 | D:8      | Reached **** piety under Trog
  6074 | D:8      | Reached skill level 8 in Fighting
  6088 | D:8      | Reached XP level 10. HP: 52/64 MP: 10/10
  6423 | D:9      | Found Xyots's Jewellery Shop.
  6542 | D:9      | Reached ***** piety under Trog
  6810 | D:10     | Entered Level 10 of the Dungeon
  6974 | D:10     | Noticed a gargoyle
  6985 | D:10     | Killed a gargoyle
  6985 | D:10     | Reached skill level 9 in Fighting
  7149 | D:10     | Noticed Nergalle
  7161 | D:10     | Killed Nergalle
  7161 | D:10     | Reached skill level 5 in Shields
  7161 | D:10     | Reached XP level 11. HP: 71/71 MP: 11/11
  7624 | D:10     | Noticed a catoblepas
  7633 | D:10     | Killed a catoblepas
  7868 | D:11     | Found a frozen archway.
  7988 | D:11     | Killed an unseen horror
  8102 | D:11     | Reached skill level 10 in Fighting
  8102 | D:11     | Reached XP level 12. HP: 51/79 MP: 12/12
  8103 | D:11     | Reached skill level 11 in Fighting
  8103 | D:11     | Reached skill level 10 in Armour
  8103 | D:11     | Reached XP level 13. HP: 54/84 MP: 13/13
  8104 | D:11     | Reached skill level 12 in Fighting
  8104 | D:11     | Reached skill level 10 in Axes
  8104 | D:11     | Gained mutation: Your large and strong wings let you fly
                  | indefinitely. [Gargoyle growth]
  8104 | D:11     | Reached XP level 14. HP: 60/92 MP: 14/14
  8144 | D:11     | Found a staircase to the Lair.
  8153 | D:11     | Reached skill level 10 in Shields
  8533 | D:11     | Found a staircase to the Orcish Mines.
  8666 | Lair:1   | Entered Level 1 of the Lair of Beasts
  8681 | Lair:1   | Received a gift from Trog
  9315 | Lair:2   | Found a staircase to the Shoals.
  9626 | Shoals:1 | Entered Level 1 of the Shoals
  9857 | Lair:3   | Noticed Urug
  9872 | Lair:3   | Killed Urug
  9945 | Lair:3   | Reached XP level 15. HP: 71/97 MP: 15/15
 10086 | Lair:3   | Reached skill level 13 in Fighting
 10718 | Lair:4   | Noticed Snorg
 10726 | Lair:4   | Killed Snorg
 11042 | Lair:4   | Found a hole to the Spider Nest.
 11207 | Lair:4   | Noticed Kirke
 11234 | Lair:4   | Slain by a manticore

Levels and vault maps discovered:
D:1:      wander_arrival_peaceful_grave, layout_loops_ring,
          chequers_serial_rivers_micro_d, chequers_serial_rivers_small_b,
          grunt_decor_resistance, lemuel_old_faithful
D:2:      layout_loops_ring, first_ration, minmay_vboxes, uniq_jessica
D:3:      layout_rooms, uniq_crazy_yiuf_cottage
D:4:      layout_basic, chequers_avenue, uniq_menkaure
D:5:      layout_loops_corners, led_sif_pool, serial_shops, shop, shop_statue,
          kennysheep_mini, shop, shop, uniq_ijyb, uniq_pikel, uniq_grinder
D:6:      layout_rooms, minmay_temple_entry_proselytizer, minmay_misc_feat_chi,
          uniq_edmund, uniq_sigmund
D:7:      layout_rooms, vehumet_altar_wand_db
D:8:      layout_loops_ring
D:9:      layout_basic, serial_shops, shop
D:10:     layout_basic, kennysheep_generic_room_10, uniq_nergalle
D:11:     layout_rooms, david_lair_generic, orc_0_dummy, portal_ice_cave_rime,
          hangedman_ranch [blue_anna_fruit_fields]
Temple:   minmay_crystal_snake_temple
Lair:1:   layout_misc_corridors, beast_lair_carwin_5, serial_bayou_shore_b
Lair:2:   layout_big_grid, minmay_shoals_entry_lonely_mermaid,
          minmay_lair_oklob_chamber
Lair:3:   layout_loops_ring, grunt_megastairs_5, serial_bayou_shore_b, uniq_urug
Lair:4:   layout_long_grid, spider_nest_entry_webs,
          chequers_serial_rivers_large_b, chequers_serial_rivers_room_a,
          uniq_kirke, uniq_snorg
Shoals:1: layout_shoals

Skill      XL: |  1  2  3  4  5  6  7  8  9 10 11 12 13 14 15 |
---------------+----------------------------------------------+-----
Axes           | 3 4 5 6 7 9 10 11 | 11.3
Dodging        | 2 3 4 5 6 7 8 9 |  9.4
Armour         | 3 4 5 6 7 8 9 10 11 12 | 12.0
Fighting       | 4 5 6 8 9 10 11 12 13 | 13.2
Shields        | 2 5 7 9 11 | 11.3

Action                   |  1- 3 |  4- 6 |  7- 9 | 10-12 | 13-15 || total
-------------------------+-------+-------+-------+-------+-------++-------
Melee: Hand axe          |   127 |   222 |    40 |       |       ||   389
       War axe           |       |       |   309 |   183 |   387 ||   879
       Unarmed           |       |       |    27 |       |    13 ||    40
Invok: Berserk           |     1 |     5 |     3 |     4 |     5 ||    18
       Trog's Hand       |       |       |     1 |       |     1 ||     2
 Abil: Fly               |       |       |       |       |     1 ||     1
  Use: Scroll            |       |       |    20 |     6 |     4 ||    30
       Potion            |       |       |       |     2 |     1 ||     3
  Eat: Chunk             |       |     8 |    14 |     8 |    15 ||    45
       Ration            |       |     1 |     1 |     1 |       ||     3
Armor: Animal skin       |    62 |    13 |       |       |       ||    75
       Chain mail        |       |    89 |   114 |       |       ||   203
       Plate armour      |       |       |    95 |    98 |   189 ||   382
Dodge: Dodged            |    93 |    91 |   155 |    52 |   139 ||   530
       Deflected         |       |       |     2 |     1 |     4 ||     7
Block: Other             |     1 |    25 |    40 |       |     1 ||    67
       Shield            |       |       |    82 |   124 |   366 ||   572
       Reflection        |       |       |       |     3 |    11 ||    14
